 Dungeon Crawl Stone Soup version 0.28.0-43-g3370ac3207 (webtiles) character file.

Game seed: 1845078188260672416

4137 nickcage the Covert (level 10, -3/49 HPs)
             Began as a Spriggan Enchanter on Mar 31, 2022.
             Was a Believer of Dithmenos.
             Killed from afar by Harold (8 damage)
             ... with a harpoon shot
             ... on level 8 of the Dungeon on Apr 1, 2022.
             The game lasted 00:38:03 (11671 turns).

nickcage the Covert (Spriggan Enchanter)           Turns: 11671, Time: 00:38:03

Health: -3/49      AC: 11    Str:  4    XL:     10   Next: 7%
Magic:  8/15       EV: 33    Int: 19    God:    Dithmenos [**....]
Gold:   394        SH:  0    Dex: 18    Spells: 8/14 levels left

rFire   . . .      SeeInvis +   r - +4 quick blade
rCold   . . .      Faith    .   (no shield)
rNeg    . . .      Spirit   .   z - +0 swamp dragon scales
rPois   +          Reflect  .   (helmet restricted)
rElec   .          Harm     .   (no cloak)
rCorr   .          Rampage  .   (gloves unavailable)
Will    +....                   (boots unavailable)
Stlth   ++++++....              q - amulet of the acrobat
HPRegen 0.16/turn               j - +4 ring of protection
MPRegen 0.14/turn               s - +4 ring of evasion

@: marked, acrobatic, very slightly contaminated, wreathed by umbra, very quick
A: very small, no large weapons, unfitting armour, see invisible, speed 3
a: Renounce Religion, Shadow Step


You were on level 8 of the Dungeon.
You worshipped Dithmenos.
Dithmenos was pleased with you.
You visited 2 branches of the dungeon, and saw 9 of its levels.
You also visited: Sewer.

You collected 420 gold pieces.
You spent 26 gold pieces at shops.

Inventory:

Hand Weapons
 a - a +1 dagger
 e - a +1 dagger of freezing
 o - a +2 dagger of venom
 r - a +4 quick blade (weapon)
Missiles
 d - 2 poisoned darts (quivered)
Armour
 b - a +1 robe
 t - +0 acid dragon scales
 z - +0 swamp dragon scales (worn)
Jewellery
 j - a +4 ring of protection (left hand)
 q - an amulet of the acrobat (around neck)
 s - a +4 ring of evasion (right hand)
Wands
 A - a wand of paralysis (11)
Scrolls
 f - a scroll of fear
 g - 3 scrolls of enchant weapon
 n - 2 scrolls of teleportation
 u - a scroll of blinking
 v - a scroll of vulnerability
 y - a scroll of holy word
Potions
 c - 2 potions of invisibility
 h - a potion of mutation {unknown}
 i - 2 potions of might
 k - 3 potions of degeneration
 l - 2 potions of attraction {unknown}
 m - 5 potions of curing
 p - 7 potions of haste {unknown}
 w - 3 potions of lignification
 x - a potion of berserk rage {unknown}
 C - 3 potions of flight {unknown}


   Skills:
 * Level 4.0 Fighting
 - Level 10.0 Short Blades
 * Level 5.4 Dodging
 + Level 13.4 Stealth
 + Level 2.6 Spellcasting
 - Level 6.0 Hexes
 - Level 0.3 Ice Magic
 - Level 2.0 Poison Magic


You had 8 spell levels left.
You knew the following spells:

 Your Spells              Type           Power      Damage    Failure   Level
a - Ensorcelled Hibernat  Hex/Ice        28%        N/A       38%         2
b - Magic Dart            Conj           8%         1d3       67%         1
c - Mephitic Cloud        Conj/Pois/Air  5%         N/A       91%         3

Your spell library contained the following spells:

 Spells                   Type           Power      Damage    Failure   Level
 Confusing Touch          Hex            25%        N/A       24%         3
 Tukima's Dance           Hex            25%        N/A       24%         3
 Dazzling Flash           Conj/Hex       26%        N/A       63%         3
 Sandblast                Erth           4%         2d4       67%         1
 Call Imp                 Summ           2%         N/A       82%         2
 Passwall                 Tmut/Erth      1%         N/A       82%         2
 Sublimation of Blood     Necr           2%         N/A       82%         2
 Wereblood                Tmut           2%         N/A       82%         2
 Frozen Ramparts          Ice            6%         1d2       95%         3
 Stone Arrow              Conj/Erth      4%         3d7       96%         3
 Ice Form                 Ice/Tmut       3%         N/A       100%        4
 Summon Ice Beast         Ice/Summ       3%         N/A       100%        4
 Summon Hydra             Summ           1%         N/A       100%        7


Dungeon Overview and Level Annotations

Branches:
Dungeon (8/15)             Temple (1/1) D:5           Sewer (visited)
   Lair: D:8-11

Altars:
Ashenzari
Cheibriados
Dithmenos
Elyvilon
Fedhas
Gozag
Hepliaklqana
Kikubaaqudgha
Makhleb
Nemelex Xobeh
Okawaru
Qazlal
Ru
Sif Muna
Trog
Uskayaw
Vehumet
Wu Jian
Xom
Yredelemnul
Zin
The Shining One

Shops:
D:1 (   D:3 !*?

Annotations:
D:8 Harold


Innate Abilities, Weirdness & Mutations

You are very small and have problems with some larger weapons.
You are too small for most types of armour.
You have supernaturally acute eyesight. (SInv)
You cover ground extremely quickly. (Speed+++)


Message History

Press: ? - help, Shift-Dir - straight line, f/p - Harold
Aim: Harold, wielding a +0 flail and wearing a +0 chain mail (moderately wounded, extremely poisoned, chance to affect: 16%) Harold resists with almost no effort.
Casting: Ensorcelled Hibernation (dangerous; 38% risk of failure)
Confirm with . or Enter, or press ? or * to list all spells.
Aiming: Ensorcelled Hibernation (dangerous; 38% risk of failure)
Press: ? - help, Shift-Dir - straight line, f/p - Harold
Aim: Harold, wielding a +0 flail and wearing a +0 chain mail (moderately wounded, very poisoned, umbra, chance to affect: 16%) Harold resists with almost no effort.
Harold gestures at you while chanting. The mark upon you grows brighter.
Things that are here:
a +0 chain mail; a +0 flail
Casting: Ensorcelled Hibernation (dangerous; 38% risk of failure)
Confirm with . or Enter, or press ? or * to list all spells.
Aiming: Ensorcelled Hibernation (dangerous; 38% risk of failure)
Press: ? - help, Shift-Dir - straight line, f/p - Harold
Aim: Harold, wielding a +0 flail and wearing a +0 chain mail (heavily wounded, very poisoned, chance to affect: 16%)
You miscast Ensorcelled Hibernation.
Nothing appears to happen.
You are too injured to fight recklessly!
You are too injured to fight recklessly!
Throw: 4 darts (poison)
Press: ? - help, Q - select action, (/) - cycle Shift-Dir - straight line, f/p - Harold
Aim: Harold, wielding a +0 flail and wearing a +0 chain mail (heavily wounded, very poisoned, 77% to hit)
You throw a poisoned dart. The poisoned dart hits Harold.
Harold looks even sicker.
Harold is heavily wounded.
Throw: 3 darts (poison)
Press: ? - help, Q - select action, (/) - cycle Shift-Dir - straight line, f/p - Harold
Aim: Harold, wielding a +0 flail and wearing a +0 chain mail (heavily wounded, very poisoned, umbra, 77% to hit)
You throw a poisoned dart. The poisoned dart hits Harold.
Harold looks as sick as possible!
Harold is heavily wounded.
Harold fires a harpoon shot at you. The harpoon shot hits you!
* * * LOW HITPOINT WARNING * * *
You are yanked forward by the harpoon shot.
Harold fires a harpoon shot at you. The harpoon shot hits you!
You die...

# ##...# #.## #.# # #..#.#
####.># #.# #
####.#..###.###.# #.#
####......###..# #.## #.#
#....##.###....# #.<# #.#
..###..)##...### ##.###.####
..##........### #.......)#
..........).[.#####........#
###..)#.#####@..@..........#
.....[..)...(#######)..<...#
##...[#####(..# #.......#
(..(........### ###.#####
)...######### #.# ##..#
####.####### ...##
#..........# .###
#..........# .###
#..........#


You could see Harold (extremely poisoned).

Vanquished Creatures
  Joseph (D:8)
  Maggie (D:8)
  A wyvern (D:7)
  Eustachio (D:5)
  An acid dragon (D:8)
  A water moccasin (D:5)
  4 orc warriors
  2 black bears
  2 ice beasts
  A sky beast (D:5)
  An ogre (D:7)
  6 kobold brigands (Sewer)
  2 bullfrogs
  A gnoll sergeant (D:8)
  2 scorpions
  A wyvern skeleton (D:6)
  A water moccasin skeleton (D:5)
  4 howler monkeys
  7 jellies
  2 centaur zombies
  3 hounds
  4 orc priests
  2 centaur skeletons
  2 iguanas
  5 orc wizards
  2 hound skeletons
  2 howler monkey zombies
  11 gnolls
  2 howler monkey skeletons (D:5)
  6 adders
  A river rat (Sewer)
  2 shadow imps (D:5)
  A white imp (D:5)
  2 adder skeletons (D:4)
  4 worms (Sewer)
  5 dart slugs
  22 orcs
  7 ball pythons
  5 bats
  8 endoplasms
  3 giant cockroaches
  7 goblins
  7 hobgoblins
  16 kobolds
  A quokka (D:1)
  3 frilled lizards
  10 rats
185 creatures vanquished.

Notes
Turn   | Place    | Note
-------+----------+-------------------------------------------
     0 | D:1      | nickcage the Spriggan Enchanter began the quest for the
                  | Orb.
     0 | D:1      | Reached XP level 1. HP: 9/9 MP: 5/5
    62 | D:1      | Found Sirr's Antique Weapon Emporium.
   110 | D:1      | Found a faded altar of an unknown god.
   195 | D:1      | Reached XP level 2. HP: 13/13 MP: 6/6
   198 | D:1      | Learned a level 2 spell: Ensorcelled Hibernation
  1001 | D:1      | Reached skill level 5 in Hexes
  1270 | D:1      | Reached XP level 3. HP: 16/16 MP: 2/8
  1629 | D:2      | Reached XP level 4. HP: 21/21 MP: 9/9
  2379 | D:3      | Found Mavyiby's Assorted Antiques.
  2388 | D:3      | Bought a scroll labelled SEOCLAI ESOR for 26 gold pieces
  2405 | D:3      | Found Femamoaq's Magic Scroll Boutique.
  2910 | D:3      | Reached XP level 5. HP: 24/24 MP: 10/10
  3013 | D:3      | Noticed an ice beast
  3616 | D:3      | Found Ekidghae's Distillery.
  3934 | D:4      | Noticed an orc warrior
  3940 | D:4      | Reached skill level 5 in Short Blades
  3973 | D:4      | Learned a level 1 spell: Magic Dart
  4023 | D:4      | Killed an orc warrior
  4024 | D:4      | Reached XP level 6. HP: 25/28 MP: 5/11
  4919 | D:5      | Entered Level 5 of the Dungeon
  4958 | D:5      | Noticed Eustachio
  4965 | D:5      | Killed Eustachio
  4966 | D:5      | Reached XP level 7. HP: 32/32 MP: 7/12
  5568 | D:5      | Reached XP level 8. HP: 36/36 MP: 8/13
  5670 | D:5      | Found a staircase to the Ecumenical Temple.
  5846 | Temple   | Entered the Ecumenical Temple
  6179 | Temple   | Became a worshipper of Dithmenos the Shadowed
  6372 | D:5      | Reached skill level 10 in Short Blades
  6376 | D:5      | Learned a level 3 spell: Mephitic Cloud
  6850 | D:6      | Identified a scroll of acquirement
  6850 | D:6      | Acquired a +4 quick blade
  6904 | D:6      | Reached skill level 5 in Stealth
  6904 | D:6      | Reached skill level 1 in Poison Magic
  7079 | D:6      | Reached skill level 6 in Stealth
  7154 | D:6      | Reached skill level 1 in Fighting
  7482 | D:6      | Found a glowing drain.
  7494 | Sewer    | Entered a sewer
  7714 | Sewer    | Reached skill level 7 in Stealth
  7775 | Sewer    | Reached * piety under Dithmenos
  8064 | Sewer    | Reached skill level 8 in Stealth
  8389 | D:5      | Reached skill level 9 in Stealth
  8389 | D:5      | Reached XP level 9. HP: 24/42 MP: 6/14
  8910 | D:7      | Found a sparkling altar of Nemelex Xobeh.
  9181 | D:7      | Reached skill level 10 in Stealth
  9809 | D:8      | Reached skill level 11 in Stealth
  9834 | D:8      | Reached ** piety under Dithmenos
  9950 | D:8      | Noticed Joseph
 10156 | D:8      | Reached skill level 12 in Stealth
 10250 | D:8      | Reached skill level 5 in Dodging
 10573 | D:8      | Killed Joseph
 10574 | D:8      | Reached skill level 13 in Stealth
 11186 | D:8      | Noticed Maggie
 11189 | D:8      | Killed Maggie
 11190 | D:8      | Reached XP level 10. HP: 49/49 MP: 15/15
 11399 | D:8      | Noticed Harold
 11671 | D:8      | Killed from afar by Harold

Illustrated notes

Levels and vault maps discovered:
D:1:      dpeg_arrival_tiny_j, layout_basic, serial_shops, shop,
          shapermc_ecumenical_altar_starsandcircs, serial_bayou_pond_d
D:2:      layout_rooms, serial_glass, glass_columns_a, glass_columns_a
D:3:      layout_basic, serial_shops, nicolae_square_shop, nicolae_square_shop,
          nicolae_diamond_shop
D:4:      layout_basic
D:5:      minmay_inner_zag, layout_basic, minmay_temple_entry_proselytizer,
          uniq_eustachio
D:6:      layout_rooms, portal_sewer_entry_d
D:7:      layout_loops_ring, nemelex_xobeh_ov_fountains_minmay
D:8:      layout_rooms, kennysheep_generic_room_12, uniq_joseph, uniq_maggie,
          uniq_harold
Temple:   mainiacjoe_temple_circle_huts

Skill      XL: |  1  2  3  4  5  6  7  8  9 |
---------------+----------------------------+-----
Hexes          | 4 5 6 |  6.0
Short Blades   | 2 4 6 7 9 10 | 10.0
Stealth        | 9 13 | 13.4
Poison Magic   | 2 |  2.0
Fighting       | 2 4 |  4.0
Dodging        | 5 |  5.4
Spellcasting   | |  2.6
Ice Magic      | |  0.3

Action                   |  1- 3 |  4- 6 |  7- 9 | 10-12 || total
-------------------------+-------+-------+-------+-------++-------
Melee: Dagger            |    66 |   119 |    79 |       ||   264
       Punch             |     1 |       |     3 |       ||     4
       Quick blade       |       |       |   284 |       ||   284
Throw: Dart              |       |     2 |     3 |    21 ||    26
 Cast: Ensorcelled Hiber |    12 |    46 |    99 |     6 ||   163
  Use: Scroll            |       |     7 |     9 |       ||    16
 Stab: Sleeping          |    16 |    39 |    68 |       ||   123
Armor: Robe              |     4 |    19 |    16 |       ||    39
       Acid dragon scale |       |       |     2 |       ||     2
Dodge: Dodged            |    42 |    72 |   154 |     4 ||   272
